 Dungeon Crawl Stone Soup version 0.31-b1-18-g61460d1e46 (webtiles) character file.

Game seed: 13172389297544824364

110712 groovy9 the Eclecticist (level 16, -1/97 HPs)
             Began as a Deep Elf Conjurer on Jan 16, 2024.
             Was the Champion of Vehumet.
             Killed from afar by a deep elf zephyrmancer (26 damage)
             ... with a bolt of lightning
             ... on level 1 of the Elven Halls.
             The game lasted 01:39:01 (26715 turns).

groovy9 the Eclecticist (Deep Elf Conjurer)        Turns: 26715, Time: 01:39:01

Health: -1/97      AC: 11    Str:  7    XL:     16   Next: 7%
Magic:  45/48      EV: 13    Int: 34    God:    Vehumet [******]
Gold:   627        SH: 11    Dex: 14    Spells: 31/50 levels left

rFire   + + .        p - +10 whip of Sin {flame, ^Contam rF+++ Dex-4 Stlth+}
rCold   + . .        o - +0 kite shield {reflect}
rNeg    + + .        w - +2 leather armour {Will+}
rPois   .            (no helmet)
rElec   .            n - +0 cloak
rCorr   +            d - +2 pair of gloves of Biunair {^Contam rN++ Str+3 Slay+2}
SInv    +            l - +0 pair of boots
Will    ++...        y - amulet "Yfres" {RegenMP Int+2 Stlth+}
Stlth   +++++++      N - ring "Poer" {Ice rCorr Dex+3 SInv}
HPRegen 0.36/turn    M - ring of the Fiend {Fly MP+9 Dex+2 Stlth+}
MPRegen 0.71/turn

%: reflection
@: flying
A: no striking features
a: Renounce Religion


You were on level 1 of the Elven Halls.
You worshipped Vehumet.
Vehumet was exalted by your worship.
You visited 6 branches of the dungeon, and saw 24 of its levels.
You also visited: Sewer.

You collected 2384 gold pieces.
You spent 1757 gold pieces at shops.

Inventory:

Hand Weapons
 p - the +10 whip of Sin (weapon) {flame, ^Contam rF+++ Dex-4 Stlth+}
   (You found it on level 2 of the Dungeon)

   Dex-4:     It affects your dexterity (-4).
   rF+++:     It renders you almost immune to fire.
   ^Contam:   It causes magical contamination when unequipped.
   Stlth+:    It makes you more stealthy.
 S - the +1 falchion of Income {heavy, rPois rCorr Str-2 Int+8}
   (You found it on level 4 of the Lair of Beasts)

   Str-2:     It affects your strength (-2).
   Int+8:     It affects your intelligence (+8).
   rPois:     It protects you from poison rCorr: It protects you from acid and
   corrosion.
Missiles
 P - a throwing net
Armour
 d - the +2 pair of gloves of Biunair (worn) {^Contam rN++ Str+3 Slay+2}
   (You found it on level 7 of the Dungeon)

   Str+3:     It affects your strength (+3).
   Slay+2:    It affects your accuracy & damage with ranged weapons and melee
   (+2).
   rN++:      It greatly protects you from negative energy.
   ^Contam:   It causes magical contamination when unequipped.
 l - a +0 pair of boots (worn)
 n - a +0 cloak (worn)
 o - a +0 kite shield of reflection (worn)
 w - a +2 leather armour of willpower (worn)
 R - a +0 helmet
Jewellery
 h - a +6 ring of dexterity
 m - a ring of magical power
 y - the amulet "Yfres" (around neck) {RegenMP Int+2 Stlth+}
   (You acquired it on level 2 of the Orcish Mines)

   [amulet of magic regeneration]

   RegenMP:   It increases your rate of magic regeneration.
   Int+2:     It affects your intelligence (+2).
   Stlth+:    It makes you more stealthy.
 C - a ring of resist corrosion
 F - the ring of Vuots {rF+ EV+5}
   (You took it off a centaur warrior on level 11 of the Dungeon)

   [ring of evasion]

   EV+5:      It affects your evasion (+5).
   rF+:       It protects you from fire.
 L - the amulet "Tyboik" {Spirit -Tele Will++ Str+3}
   (You found it on level 11 of the Dungeon)

   [amulet of guardian spirit]

   Spirit:    It causes incoming damage to be divided between your reserves of
   health and magic.
   Str+3:     It affects your strength (+3).
   Will++:    It greatly increases your willpower.
   -Tele:     It prevents most forms of teleportation.
 M - the ring of the Fiend (right hand) {Fly MP+9 Dex+2 Stlth+}
   (You found it on level 11 of the Dungeon)

   [ring of magical power]

   Dex+2:     It affects your dexterity (+2).
   MP+9:      It affects your magic capacity (+9).
   Fly:       It grants you flight.
   Stlth+:    It makes you more stealthy.
 N - the ring "Poer" (left hand) {Ice rCorr Dex+3 SInv}
   (You found it on level 11 of the Dungeon)

   [ring of ice]

   Ice:       It enhances your ice magic.
   Dex+3:     It affects your dexterity (+3).
   rF-:       It makes you vulnerable to fire.
   rC+:       It protects you from cold.
   SInv:      It lets you see invisible.
   rCorr:     It protects you from acid and corrosion.
Wands
 a - a wand of flame (13)
 k - a wand of polymorph (16)
 q - a wand of paralysis (23)
 E - a wand of quicksilver (17)
 J - a wand of iceblast (15)
 K - a wand of digging (19)
Scrolls
 c - 6 scrolls of teleportation
 e - 8 scrolls of noise
 f - 5 scrolls of amnesia
 j - 6 scrolls of immolation
 v - 3 scrolls of fear
 B - 3 scrolls of poison
 D - 3 scrolls of revelation
 H - 5 scrolls of blinking
 I - 2 scrolls of fog
 O - 2 scrolls of summoning
 Q - 2 scrolls of identify
Potions
 b - a potion of invisibility
 g - 2 potions of heal wounds
 i - 4 potions of enlightenment
 r - a potion of cancellation
 s - a potion of haste
 t - 2 potions of mutation
 u - 3 potions of attraction
 x - 9 potions of curing
 z - 4 potions of brilliance
 A - a potion of lignification
 G - a potion of resistance


   Skills:
 - Level 10.1 Fighting
 - Level 5.0 Armour
 - Level 10.0 Dodging
 - Level 10.0 Stealth
 - Level 10.0 Shields
 + Level 17.8 Spellcasting
 + Level 17.0 Conjurations
 * Level 4.0 Earth Magic
 * Level 4.0 Alchemy


You had 31 spell levels left.
You knew the following spells:

 Your Spells              Type           Power      Damage    Failure   Level
a - Magic Dart            Conj           100%       1d8       0%          1
b - Searing Ray           Conj           100%       2d8       0%          2
c - Fulminant Prism       Conj/Alch      40%        3d19      1%          4
d - Iskenderun's Mystic   Conj/Tloc      73%        2d15      1%          4
e - Stone Arrow           Conj/Erth      100%       3d13      1%          3
f - Iskenderun's Battles  Conj           98%        2d14      1%          5

Your spell library contained the following spells:

 Spells                   Type           Power      Damage    Failure   Level
 Yara's Violent Unravell  Hex/Alch       22%        3d10      21%         5
 Kiss of Death            Conj/Necr      100%       2d13      1%          1
 Sting                    Conj/Alch      100%       1d9       1%          1
 Flame Wave               Conj/Fire      73%        2d16      1%          4
 Arcjolt                  Conj/Air       36%        1d46      1%          5
 Bombard                  Conj/Erth      40%        9d7       3%          6
 Frozen Ramparts          Ice            90%        1d14      5%          3
 Inner Flame              Hex/Fire       30%        N/A       5%          3
 Apportation              Tloc           60%        N/A       7%          1
 Necrotise                Necr           100%       1d9       7%          1
 Summon Small Mammal      Summ           100%       N/A       7%          1
 Sticky Flame             Fire/Alch      44%        2d8       8%          4
 Leda's Liquefaction      Alch/Erth      27%        N/A       12%         4
 Petrify                  Alch/Erth      55%        N/A       12%         4
 Call Canine Familiar     Summ           30%        N/A       21%         3
 Confusing Touch          Hex            30%        N/A       21%         3
 Sigil of Binding         Hex            30%        N/A       21%         3
 Summon Ice Beast         Ice/Summ       45%        N/A       21%         3
 Tukima's Dance           Hex            30%        N/A       21%         3
 Vampiric Draining        Necr           30%        2d8       21%         3
 Animate Armour           Summ/Erth      88%        N/A       28%         4
 Spellforged Servitor     Conj/Summ      36%        N/A       38%         7
 Eringya's Noxious Bog    Alch           27%        4d6       41%         6
 Dimensional Bullseye     Hex/Tloc       15%        N/A       54%         4
 Dispel Undead            Necr           30%        3d14      54%         4
 Martyr's Knell           Necr/Summ      30%        N/A       54%         4
 Passage of Golubria      Tloc           30%        N/A       54%         4
 Vhi's Electric Charge    Tloc/Air       60%        N/A       54%         4
 Lehudib's Crystal Spear  Conj/Erth      40%        10d10     78%         8
 Curse of Agony           Necr           30%        N/A       88%         5
 Metabolic Englaciation   Hex/Ice        22%        N/A       88%         5
 Silence                  Hex/Air        15%        N/A       88%         5
 Summon Forest            Summ/Tloc      15%        N/A       88%         5
 Summon Mana Viper        Hex/Summ       30%        N/A       88%         5
 Plasma Beam              Fire/Air       15%        2x1d26    91%         6
 Monstrous Menagerie      Summ           15%        N/A       100%        7
 Summon Hydra             Summ           15%        N/A       100%        7
 Maxwell's Capacitive Co  Air            15%        ∞         100%        8


Dungeon Overview and Level Annotations

Branches:
Dungeon (14/15)            Temple (1/1) D:6            Lair (5/5) D:9
 Shoals (1/4) Lair:3        Snake (0/4) Lair:3        Slime (0/5) Lair:4
    Orc (2/2) D:9             Elf (1/3) Orc:2        Vaults (0/5) D:14
  Sewer (visited)

Altars:
Ashenzari
Cheibriados
Dithmenos
Elyvilon
Fedhas
Gozag
Hepliaklqana
Kikubaaqudgha
Makhleb
Nemelex Xobeh
Okawaru
Qazlal
Ru
Sif Muna
Trog
Uskayaw
Vehumet
Wu Jian
Xom
Yredelemnul
Zin
The Shining One
Jiyva

Shops:
D:4 !   D:6 (   Orc:2 !?!   Elf:1 (=

Annotations:
D:3 3 runed translucent doors, groovy9's ghost, weakling VSFE
Lair:4 1 runed translucent door


Message History

Casting: Iskenderun's Battlesphere (safe; 1% risk of failure)
Confirm with . or Enter, or press ? or * to list all spells.
You erupt in a blast of force!
The mystic blast hits the deep elf zephyrmancer.
The deep elf zephyrmancer is severely wounded.
The deep elf zephyrmancer is knocked back by the mystic blast.
The deep elf zephyrmancer slams into the rock wall!
The deep elf zephyrmancer is almost dead.
Your battlesphere fires!
The barrage of energy hits the deep elf zephyrmancer!!
You kill the deep elf zephyrmancer!
Vehumet accepts your kill.
You feel your power returning.
Your Earth Magic skill increases to level 4!
Your Alchemy skill increases to level 4!
Your surroundings suddenly seem different.
You start resting.
Magic restored.
You start resting.
A deep elf zephyrmancer is nearby!
Casting: Iskenderun's Mystic Blast (mildly dangerous; 1% risk of failure)
Confirm with . or Enter, or press ? or * to list all spells.
Aiming: Stone Arrow (safe; 1% risk of failure)
Press: ? - help, Shift-Dir - straight line, f - deep elf zephyrmancer
Aim: a deep elf zephyrmancer, wielding a +0 long sword (69% to hit)
Okay, then.
Casting: Stone Arrow (safe; 1% risk of failure)
Confirm with . or Enter, or press ? or * to list all spells.
Aiming: Stone Arrow (safe; 1% risk of failure)
Press: ? - help, Shift-Dir - straight line, f - deep elf zephyrmancer
Aim: a deep elf zephyrmancer, wielding a +0 long sword (69% to hit)
The stone arrow hits the deep elf zephyrmancer!!
The deep elf zephyrmancer is severely wounded.
You hear a shout!
Your battlesphere fires!
The barrage of energy hits the deep elf zephyrmancer!
The deep elf zephyrmancer is almost dead.
The deep elf zephyrmancer points at you and mumbles some strange words.
The bolt of lightning hits you!!
You die...

.... #§§§§...>.#
.... #)§§§§....#
.... ##§*§§...##
..###§#§§...##
###§#####'## ##§##
#.# ##§## ##e####
#.## #.....#
...'########..>.@#
.$.e+......'...*##
§e.*#########..##
./.. ##'### ...#
##.## ### ## ##..#
#######.#.#
###..#..'##.+
#....#....###


You could see a deep elf zephyrmancer (ally target) and a friendly battlesphere.

Vanquished Creatures
  Rupert (D:14)
  Donald (Orc:2)
  A deep elf sorcerer (Elf:1)
  3 dire elephants (Lair:5)
  Fannar (Lair:2)
  A fire dragon (D:14)
  4 rakshasas (D:14)
  5 hydras
  4 boulder beetles
  7 centaur warriors
  4 merfolk aquamancers (Shoals:1)
  3 two-headed ogres
  Erica (D:8)
  A catoblepas (D:11)
  14 death yaks
  2 tengu warriors (D:14)
  2 dancing weapons (Elf:1)
  4 orc high priests
  Urug (Lair:4)
  6 skysharks
  5 deep elf knights
  A spectral anaconda (Lair:5)
  5 skeletal warriors (D:14)
  A sea snake (Shoals:1)
  An obsidian statue (Lair:5)
  A deep elf archer (Elf:1)
  5 orc knights
  4 deep elf zephyrmancers (Elf:1)
  3 necromancers (Lair:5)
  5 deep elf pyromancers
  2 orc sorcerers
  7 cyclopes
  4 manticores
  2 ugly things
  18 elephants
  A water nymph (Shoals:1)
  5 black mambas (Lair:4)
  A dire elephant zombie (Lair:5)
  2 gargoyles (D:11)
  A torpor snail (Lair:4)
  15 cane toads
  10 komodo dragons
  2 kobold demonologists (D:14)
  An efreet (D:11)
  4 rime drakes
  A tengu conjurer (D:14)
  6 trolls
  2 merfolk (Shoals:1)
  6 polar bears
  8 blink frogs
  A spectral elephant (Lair:5)
  A snapping turtle (Shoals:1)
  7 slime creatures
  A shadow (D:11)
  An air elemental (Elf:1)
  7 wyverns
  43 yaks
  4 wraiths
  16 humans (D:14)
  3 basilisks
  A dire elephant simulacrum (Lair:5)
  A redback (D:11)
  7 wargs (Orc:2)
  8 vampire mosquitoes
  5 steam dragons
  A spectral cane toad (Lair:5)
  6 nagas (Lair:3)
  14 water moccasins
  An acid dragon (D:13)
  A sky beast (D:6)
  An ice beast (D:5)
  2 black bears (D:9)
  23 orc warriors
  13 wolves
  An elephant zombie (Lair:5)
  A laughing skull (D:11)
  10 ogres
  13 centaurs
  2 crocodiles (Sewer)
  5 kobold brigands
  3 scorpions (D:5)
  9 bullfrogs
  2 earth elementals (Elf:1)
  7 wights (D:10)
  16 killer bees
  5 howler monkeys
  4 electric eels (Lair:1)
  3 lava snakes (Lair:1)
  9 hounds
  A jelly (D:4)
  3 bombardier beetles
  27 orc priests
  A gnoll bouda (D:9)
  3 iguanas
  3 sleepcaps
  16 orc wizards
  A malarious merfolk avatar (Sewer)
  A sickly merfolk siren (Sewer)
  13 gnolls
  12 adders
  A shadow imp (D:5)
  A white imp (D:6)
  3 ufetubi (D:6)
  3 ribbon worms
  77 orcs
  17 ball pythons
  6 bats
  16 endoplasms
  9 giant cockroaches
  10 goblins
  8 hobgoblins
  6 jackals (D:1)
  20 kobolds
  11 quokkas
  8 frilled lizards
  26 rats
756 creatures vanquished.

Vanquished Creatures (others)
  35 fulminant prisms
35 creatures vanquished.

Grand Total: 791 creatures vanquished

Notes
Turn   | Place    | Note
-------+----------+-------------------------------------------
     0 | D:1      | groovy9 the Deep Elf Conjurer began the quest for the Orb.
     0 | D:1      | Reached XP level 1. HP: 10/10 MP: 6/6
   170 | D:1      | Reached XP level 2. HP: 15/15 MP: 2/8
   173 | D:1      | Learned a level 2 spell: Searing Ray
   423 | D:1      | Reached skill level 5 in Conjurations
   814 | D:1      | Reached XP level 3. HP: 19/19 MP: 7/10
  1681 | D:2      | Identified the +10 whip of Sin {flame, ^Contam rF+++ Dex-4
                  | Stlth+}
  1959 | D:2      | Reached XP level 4. HP: 24/24 MP: 12/12
  2737 | D:3      | Reached XP level 5. HP: 28/28 MP: 14/14
  2742 | D:3      | Learned a level 4 spell: Fulminant Prism
  2747 | D:3      | Learned a level 4 spell: Iskenderun's Mystic Blast
  2771 | D:3      | Found an ancient bone altar of Kikubaaqudgha.
  3508 | D:3      | Found a runed translucent gate.
  3508 | D:3      | Found a runed translucent gate.
  3509 | D:3      | Found a runed translucent gate.
  3517 | D:3      | Noticed groovy9's ghost (weakling VSFE)
  3654 | D:3      | Reached skill level 5 in Spellcasting
  4477 | D:4      | Found a glowing drain.
  4545 | Sewer    | Entered a sewer
  4673 | Sewer    | Noticed a crocodile
  4679 | Sewer    | Killed a crocodile
  4680 | Sewer    | Reached XP level 6. HP: 26/32 MP: 16/16
  5111 | Sewer    | Learned a level 3 spell: Stone Arrow
  5212 | D:4      | Reached XP level 7. HP: 36/36 MP: 15/18
  5563 | D:4      | Found a glowing golden altar of the Shining One.
  5635 | D:4      | Found Imewok's Distillery.
  5678 | D:4      | Got Sif Muna's Dissertation on the Flashy Dragon
  5687 | D:4      | Learned a level 5 spell: Iskenderun's Battlesphere
  5729 | D:4      | Bought a potion of heal wounds for 55 gold pieces
  5729 | D:4      | Bought a potion of magic for 88 gold pieces
  5729 | D:4      | Bought a potion of curing for 33 gold pieces
  5729 | D:4      | Bought a potion of brilliance for 44 gold pieces
  5855 | D:5      | Entered Level 5 of the Dungeon
  6070 | D:5      | Reached XP level 8. HP: 41/41 MP: 21/21
  6245 | D:5      | Reached skill level 10 in Conjurations
  6911 | D:6      | Found Poicym's Antique Weapon Boutique.
  7475 | D:6      | Found a staircase to the Ecumenical Temple.
  7489 | Temple   | Entered the Ecumenical Temple
  7510 | Temple   | Became a worshipper of Vehumet
  7618 | D:6      | Reached XP level 9. HP: 45/45 MP: 24/24
  7850 | D:7      | Identified the +2 pair of gloves of Biunair {^Contam rN++
                  | Str+3 Slay+2}
  8065 | D:7      | Found a basalt altar of Yredelemnul.
  8881 | D:8      | Found a blossoming altar of Fedhas.
  8937 | D:8      | Reached skill level 1 in Fighting
  9030 | D:8      | Reached skill level 10 in Spellcasting
  9272 | D:8      | Noticed Erica
  9278 | D:8      | Killed Erica
  9279 | D:8      | Reached skill level 5 in Dodging
  9279 | D:8      | Reached skill level 5 in Stealth
  9279 | D:8      | Reached XP level 10. HP: 54/54 MP: 26/26
  9453 | D:8      | Reached * piety under Vehumet
  9453 | D:8      | Offered knowledge of Shock by Vehumet.
 10569 | D:9      | Found a broken altar of Ashenzari.
 10785 | D:9      | Found a staircase to the Lair.
 10820 | D:9      | Offered knowledge of Momentum Strike by Vehumet.
 10820 | D:9      | Reached ** piety under Vehumet
 11160 | D:9      | Found a staircase to the Orcish Mines.
 11165 | D:9      | Offered knowledge of Dazzling Flash by Vehumet.
 11585 | Orc:1    | Entered Level 1 of the Orcish Mines
 11749 | Orc:1    | Noticed a cyclops
 11764 | Orc:1    | Killed a cyclops
 11765 | Orc:1    | Reached XP level 11. HP: 35/62 MP: 25/28
 11869 | Orc:1    | Reached *** piety under Vehumet
 11927 | Orc:1    | Noticed an orc high priest
 11931 | Orc:1    | Killed an orc high priest
 11932 | Orc:1    | Reached skill level 1 in Armour
 11933 | Orc:1    | Noticed an orc sorcerer
 11938 | Orc:1    | Killed an orc sorcerer
 12343 | Orc:1    | Offered knowledge of Airstrike by Vehumet.
 12548 | Orc:2    | Entered Level 2 of the Orcish Mines
 12574 | Orc:2    | Noticed an orc high priest
 12723 | Orc:2    | Noticed an orc high priest
 12727 | Orc:2    | Killed an orc high priest
 12925 | Orc:2    | Noticed an orc knight
 12931 | Orc:2    | Killed an orc knight
 12932 | Orc:2    | Reached skill level 5 in Fighting
 13063 | Orc:2    | Killed an orc high priest
 13107 | Orc:2    | Reached **** piety under Vehumet
 13171 | Orc:2    | Offered knowledge of Volatile Blastmotes by Vehumet.
 13273 | Orc:2    | Found Riatanim's Distillery.
 13273 | Orc:2    | Noticed an orc knight
 13273 | Orc:2    | Noticed an orc knight
 13280 | Orc:2    | Killed an orc knight
 13280 | Orc:2    | Killed an orc knight
 13285 | Orc:2    | Noticed an orc knight
 13294 | Orc:2    | Killed an orc knight
 13574 | Orc:2    | Noticed an orc high priest
 13580 | Orc:2    | Killed an orc high priest
 13581 | Orc:2    | Reached XP level 12. HP: 60/68 MP: 11/30
 13704 | Orc:2    | Found a staircase to the Elven Halls.
 13876 | Orc:2    | Noticed Donald
 13884 | Orc:2    | Killed Donald
 14191 | Orc:2    | Found Liesill's Distillery.
 14191 | Orc:2    | Found Qampamor's Magic Scroll Shop.
 14196 | Orc:2    | Bought a potion of haste for 150 gold pieces
 14196 | Orc:2    | Bought a potion of heal wounds for 75 gold pieces
 14196 | Orc:2    | Bought a potion of mutation for 120 gold pieces
 14206 | Orc:2    | Bought a scroll of acquirement for 832 gold pieces
 14206 | Orc:2    | Acquired the amulet "Yfres" {RegenMP Int+2 Stlth+}
 14317 | Lair:1   | Entered Level 1 of the Lair of Beasts
 14493 | Lair:1   | Reached ***** piety under Vehumet
 14537 | Lair:1   | Noticed a boulder beetle
 14546 | Lair:1   | Killed a boulder beetle
 14546 | Lair:1   | Offered knowledge of Brom's Barrelling Boulder by Vehumet.
 14547 | Lair:1   | Reached skill level 1 in Shields
 14549 | Lair:1   | Reached skill level 10 in Stealth
 15635 | Lair:2   | Reached skill level 10 in Dodging
 15841 | Lair:2   | Noticed Fannar
 15847 | Lair:2   | Killed Fannar
 16054 | Lair:2   | Identified the +1 ring mail "Awicump" {^Drain Slay+4}
 16410 | Lair:3   | Found a staircase to the Shoals.
 16512 | Lair:3   | Reached XP level 13. HP: 76/76 MP: 22/32
 16617 | Lair:3   | Found a staircase to the Snake Pit.
 17557 | Lair:4   | Offered knowledge of Olgreb's Toxic Radiance by Vehumet.
 17630 | Lair:4   | Reached skill level 5 in Shields
 17810 | Lair:4   | You fall into a shaft and drop 1 floor!
 17810 | Lair:5   | Entered Level 5 of the Lair of Beasts
 17969 | Lair:4   | Noticed Urug
 18099 | Lair:4   | Found a runed translucent door.
 18099 | Lair:4   | Found a viscous altar of Jiyva.
 18111 | Lair:4   | Noticed an acid blob
 18114 | Lair:4   | Found a staircase to the Slime Pits.
 18128 | Lair:4   | Killed Urug
 18129 | Lair:4   | Reached skill level 5 in Armour
 18216 | Lair:4   | Identified the +1 falchion of Income {heavy, rPois rCorr
                  | Str-2 Int+8}
 18621 | Lair:4   | Reached skill level 15 in Spellcasting
 18920 | Lair:5   | Reached XP level 14. HP: 83/83 MP: 35/35
 18960 | Lair:5   | Reached skill level 15 in Conjurations
 20575 | D:10     | Entered Level 10 of the Dungeon
 21050 | D:10     | Offered knowledge of Conjure Ball Lightning by Vehumet.
 21799 | Orc:2    | Bought a scroll of identify for 32 gold pieces
 21801 | Orc:2    | Bought a scroll of teleportation for 48 gold pieces
 21801 | Orc:2    | Bought a scroll of teleportation for 48 gold pieces
 21801 | Orc:2    | Bought a scroll of blinking for 120 gold pieces
 21801 | Orc:2    | Bought a scroll of teleportation for 48 gold pieces
 21801 | Orc:2    | Bought a scroll of fog for 64 gold pieces
 22268 | D:11     | Reached XP level 15. HP: 61/90 MP: 27/37
 22271 | D:11     | Identified the ring of Vuots {rF+ EV+5}
 22643 | D:11     | Identified the amulet "Tyboik" {Spirit -Tele Will++ Str+3}
 22650 | D:11     | Identified the ring of the Fiend {Fly MP+9 Dex+2 Stlth+}
 22653 | D:11     | Identified the ring "Poer" {Ice rCorr Dex+3 SInv}
 24170 | D:14     | Noticed Rupert
 24170 | D:14     | Found a gate to the Vaults.
 24205 | D:14     | Reached skill level 10 in Shields
 24406 | D:14     | Reached ****** piety under Vehumet
 24695 | D:14     | Offered knowledge of Yara's Violent Unravelling by Vehumet.
 24773 | D:14     | Reached skill level 10 in Fighting
 24902 | D:14     | Killed Rupert
 25532 | Shoals:1 | Entered Level 1 of the Shoals
 25539 | Shoals:1 | Reached skill level 1 in Earth Magic
 25539 | Shoals:1 | Reached skill level 1 in Alchemy
 25985 | Elf:1    | Entered Level 1 of the Elven Halls
 25987 | Elf:1    | Paralysed by an air elemental for 1 turns
 25989 | Elf:1    | Paralysed by an air elemental for 1 turns
 26289 | Elf:1    | Found Morgh's Weapon Emporium.
 26306 | Elf:1    | Noticed a deep elf sorcerer
 26312 | Elf:1    | Reached XP level 16. HP: 84/97 MP: 38/39
 26542 | Elf:1    | Found Aqai's Jewellery Emporium.
 26715 | Elf:1    | Killed from afar by a deep elf zephyrmancer

Illustrated notes

Levels and vault maps discovered:
D:1:      orjb1_clovarrival, layout_loops_cross, serial_aquarium,
          aquarium_bridge_square [aquarium_subvault_balcony,
          aquarium_subvault_bridge, aquarium_subvault_bridge,
          aquarium_subvault_bridge], aquarium_window_1, aquarium_window_2,
          aquarium_view_2d, minmay_tromino_v4_b
D:2:      layout_loops_cross
D:3:      minmay_razor_zed, layout_loops_corners, mainiacjoe_overflow_24_doors,
          ebering_ghost_rock_garden
D:4:      layout_basic, mainiacjoe_overflow_six_doors_small,
          gup_sewer_entry_pipe, serial_shops, nicolae_shop_waterfront
D:5:      layout_rooms
D:6:      layout_gridville, minmay_temple_entry_stoned_glass, serial_shops,
          nicolae_shop_overgrown_old_shop, chequers_serial_rivers_marsh
D:7:      layout_layer_cave, lemuel_crystal_altar, nrook_campfire
D:8:      layout_basic, fedhas_altar_2, uniq_erica
D:9:      layout_layer_cave, mainiacjoe_overflow_catwalk, david_lair_generic,
          hiddenorc2_lemuel
D:10:     layout_irregular_city, minmay_gold_behind_fungi
D:11:     minmay_the_grid_triangle_9x9_line_8_mashed
          [minmay_the_grid_triangle_9x9_flanged_cone,
          minmay_the_grid_triangle_9x9_pentomino_pain,
          minmay_the_grid_triangle_9x9_steps,
          minmay_the_grid_triangle_9x9_from_above,
          minmay_the_grid_triangle_9x9_negative_grid,
          minmay_the_grid_triangle_9x9_alien,
          minmay_the_grid_triangle_9x9_empty,
          minmay_the_grid_triangle_9x9_prize_special], layout_basic
D:12:     layout_loops_corners
D:13:     layout_cave_pools, serial_park_tiny_1
D:14:     layout_gridville, david_vaults_3, nicolae_burly_brawl
Temple:   nicolae_temple_bog_church
Lair:1:   layout_chaotic_city, nicolae_lair_liquid_snakes,
          infiniplex_staircase_pool
Lair:2:   layout_layer_cave, chequers_serial_rivers_small_b, minivault_23,
          uniq_fannar
Lair:3:   beast_lair_carwin_large_1, layout_layer_cave, shoals_dummy_entry,
          minmay_snake_entry_guardpost_large
Lair:4:   layout_regular_city, slime_entry_2, minmay_shattered_shrine, uniq_urug
Lair:5:   due_jungle_book, layout_cave_pods, wad_woods_road_04
Shoals:1: layout_shoals, nicolae_shoals_aquamancer_cove, uniq_louise
Orc:1:    layout_caves, mines2_david
Orc:2:    st_orc_town, layout_caves, gauntlet_entry_generic, uniq_donald
Elf:1:    layout_geoelf_octagon, serial_shops,
          nicolae_shop_bloodbath_and_beyond, nicolae_shop_just_a_little_nook,
          nicolae_diamond_shop, shop, nicolae_shop_hallway_plus,
          nicolae_elf_shapeshifter_party

Skill      XL: |  1  2  3  4  5  6  7  8  9 10 11 12 13 14 15 16 |
---------------+-------------------------------------------------+-----
Conjurations   | 5 6 7 8 9 11 12 13 14 15 17 | 17.0
Spellcasting   | 4 5 6 7 9 10 11 12 13 15 16 17 | 17.8
Fighting       | 2 4 5 6 7 9 10 | 10.1
Dodging        | 5 7 8 10 | 10.0
Stealth        | 5 7 9 10 | 10.0
Armour         | 3 5 |  5.0
Shields        | 4 6 9 10 | 10.0
Earth Magic    | 3 4 |  4.0
Alchemy        | 3 4 |  4.0

Action                     |  1- 3 |  4- 6 |  7- 9 | 10-12 | 13-15 | 16-18 || total
---------------------------+-------+-------+-------+-------+-------+-------++-------
  Melee: Whip              |       |     1 |    11 |     7 |     3 |       ||    22
   Cast: Magic Dart        |    70 |    97 |    83 |   263 |   192 |     4 ||   709
         Searing Ray       |    19 |    36 |    11 |     2 |       |       ||    68
         Stone Arrow       |       |     3 |    61 |   168 |   336 |    17 ||   585
         Fulminant Prism   |       |       |     2 |    11 |    21 |     1 ||    35
         Iskenderun's Myst |       |       |     2 |    27 |   110 |     1 ||   140
         Iskenderun's Batt |       |       |     1 |    50 |    94 |     3 ||   148
    Use: Potion            |     1 |     1 |     6 |     3 |     2 |     2 ||    15
         Scroll            |       |     7 |     3 |     3 |     9 |     3 ||    25
   Stab: Distracted        |       |     1 |       |       |       |       ||     1
 Armour: Robe              |     7 |    12 |    23 |     1 |       |       ||    43
         Steam dragon scal |       |       |       |     9 |       |       ||     9
         Leather armour    |       |       |       |    30 |    95 |    13 ||   138
  Dodge: Dodged            |    13 |     5 |    22 |    36 |    57 |     3 ||   136
  Block: Kite shield       |       |       |       |     4 |    84 |     1 ||    89
         Reflection        |       |       |       |       |    28 |     1 ||    29
